 Dungeon Crawl Stone Soup version 0.20.1-1-g8b1a95d (webtiles) character file.

12903 Wardy1 the Basher (level 11, -3/93 HPs)
             Began as a Demigod Gladiator on July 11, 2017.
             Slain by a vampire
             ... wielding a +0 short sword
              (6 damage)
             ... on level 11 of the Dungeon.
             The game lasted 00:32:09 (10224 turns).

Wardy1 the Basher (Demigod Gladiator)              Turns: 10224, Time: 00:32:09

Health: -3/93      AC: 13    Str: 32    XL:     11   Next: 41%
Magic:  14/14      EV:  8    Int: 14    God:
Gold:   77         SH: 19    Dex: 15    Spells: 10/10 levels left

rFire    + + .     SeeInvis .   n - +2 flail (drain)
rCold    x . .     Gourm    .   k - +3 shield
rNeg     . . .     Faith    +   b - +1 chain mail {rF+}
rPois    .         Spirit   .   (helmet restricted)
rElec    .         Reflect  .   j - scarf of the Prince {rCorr}
rCorr    +         Harm     .   T - +0 pair of gloves
MR       ++...     Rnd*Rage +   s - +0 pair of boots
Stlth    ..........             S - amulet of Trepidation {Faith MR+ Stlth+}
Regen    0.3/turn               i - +4 ring of strength
MPRegen  0.2/turn               L - ring of fire

@: mighty, hasted, very quick
A: horns 1, large bone plates 1, berserk 1, blurry vision 1, clever 1, clumsy 1,
high mp 1
a: no special abilities


You were on level 11 of the Dungeon.
You were hungry.

You visited 1 branch of the dungeon, and saw 11 of its levels.

You collected 509 gold pieces.
You spent 432 gold pieces at shops.

Inventory:

Hand Weapons
 a - a +0 flail
 n - a +2 flail of draining (weapon)
Missiles
 d - 4 throwing nets
 H - 13 tomahawks (quivered)
Armour
 b - a +1 chain mail of fire resistance (worn)
 c - a +0 plate armour
 j - the scarf of the Prince (worn) {rCorr}
   (You found it on level 4 of the Dungeon)

   It protects you from acid and corrosion.
 k - a +3 shield (worn)
 s - a +0 pair of boots (worn)
 T - a +0 pair of gloves (worn)
Jewellery
 i - a +4 ring of strength (left hand)
 A - an uncursed amulet of the gourmand
 I - an uncursed amulet of faith {unknown}
 L - a ring of fire (right hand)
 S - the amulet of Trepidation (around neck) {Faith MR+ Stlth+}
   (You found it on level 9 of the Dungeon)

   [amulet of faith]

   It allows you to gain divine favour quickly.
   It affects your resistance to hostile enchantments.
   It makes you more stealthy.
Wands
 N - a wand of acid (7/15)
 R - a wand of random effects (15/48)
Scrolls
 e - 11 scrolls of identify
 l - 3 scrolls of amnesia
 p - 7 scrolls of remove curse
 u - 7 scrolls of teleportation
 v - 2 scrolls of fear
 x - 2 scrolls of magic mapping
 F - a scroll of recharging
Potions
 z - a potion of agility
 C - 3 potions of haste
 D - 2 potions of flight {unknown}
 G - a potion of brilliance
 O - a potion of magic {unknown}
Books
 q - a book of Air

   Spells                             Type                      Level
   a - Shock                          Conjuration/Air              1
   b - Swiftness                      Charms/Air                   2
   c - Static Discharge               Conjuration/Air              3
   d - Airstrike                      Air                          4
   e - Lightning Bolt                 Conjuration/Air              5
 M - a book of Maledictions

   Spells                             Type                      Level
   a - Corona                         Hexes                        1
   b - Ensorcelled Hibernation        Hexes/Ice                    2
   c - Confuse                        Hexes                        3
   d - Tukima's Dance                 Hexes                        3
   e - Dazzling Spray                 Conjuration/Hexes            3
Miscellaneous
 P - a crystal ball of energy
Comestibles
 f - 15 bread rations
 g - 17 royal jellies
 h - 15 fruits
 m - a chunk of flesh
 o - 8 meat rations


   Skills:
 * Level 7.7 Fighting
 * Level 13.2 Maces & Flails
 - Level 1.7 Throwing
 + Level 5.3 Armour
 - Level 2.6 Dodging
 + Level 5.9 Shields


You had 10 spell levels left.
You didn't know any spells.

Dungeon Overview and Level Annotations

Branches:
Dungeon (11/15)            Temple (0/1) D:5             Orc (0/2) D:10
   Lair: D:8-11

Shops:
D:7 :   D:10 %=?(?


Innate Abilities, Weirdness & Mutations

You have an increased reservoir of magic. (+10% MP)
You have a pair of small horns on your head.
You are partially covered in large bone plates. (SH +4)
You tend to lose your temper in combat.
Scrolls take you a little longer to read.
Your mind is acute. (Int +2)
You are clumsy. (Dex -2)


Message History

You kill the wyvern!
You miss something. You headbutt something! You bludgeon something!!
Reactivating autopickup.
You feel a bit more experienced.
Deactivating autopickup; reactivate with Ctrl-A.
You barely miss something. You headbutt something.
Some of the chunks of flesh in your inventory have rotted away.
You closely miss something. You headbutt something!
You hit something but do no damage. Something hits you.
* * * LOW HITPOINT WARNING * * *
Something bites you.
* * * LOW HITPOINT WARNING * * *
Something draws strength from your injuries!
You miss something. You sock something! Your headbutt misses something.
Unholy energy fills the air.
* * * LOW HITPOINT WARNING * * *
You miss something. You block something's attack. Something bites you.
You die...

#. #.# ### #.# ###
.... #.##.. .... ....#
#..># .... ..o..# #..#
..... ......###ao#
.... #......Zrr{## ..#
.........o#@###.#
.)..########....# .
##.#.# #.#†####### #
#.........## .#
#÷#######..###.#
#.#.._..#......#
#######.#.....#....###
........#.#.#.#.....#


You could see a hell rat, a porcupine, a worker ant, an orc and a centaur
warrior zombie.

Vanquished Creatures
  Josephine (D:10)
  A two-headed ogre (D:9)
  3 death yaks (D:11)
  The ghost of Setanta the Grappler, a novice VSTm of Okawaru (D:8)
  A hornet (D:8)
  A wyvern (D:11)
  2 humans (D:11)
  A steam dragon (D:11)
  5 wraiths (D:10)
  3 yaks (D:9)
  2 hungry ghosts
  Edmund (D:4)
  A soldier ant (D:8)
  Duvessa (D:4)
  9 orc warriors
  A black bear (D:8)
  3 sky beasts
  2 ice beasts (D:11)
  An eye of draining (D:8)
  3 phantoms
  2 necrophages
  9 ogres
  4 centaurs
  2 big kobolds
  3 bullfrogs
  Dowan (D:4)
  A wyvern zombie (D:6)
  A wyvern skeleton (D:8)
  A scorpion (D:4)
  11 killer bees
  5 wights (D:8)
  4 crimson imps
  A centaur zombie (D:10)
  3 centaur skeletons
  2 bullfrog skeletons
  4 hounds
  7 orc priests
  Terence (D:3)
  3 jellies
  18 orc wizards
  Jessica (D:3)
  5 iguanas
  A hell rat (D:11)
  8 worker ants
  2 hound skeletons
  2 worker ant zombies
  10 adders
  A howler monkey skeleton (D:4)
  A river rat (D:11)
  5 shadow imps
  An ooze (D:6)
  An adder zombie (D:6)
  An adder skeleton (D:9)
  5 worms
  3 dart slugs
  10 leopard geckos
  57 orcs
  9 bats
  3 giant cockroaches
  4 goblins
  7 hobgoblins
  12 jackals
  2 quokkas
  4 frilled lizards
  2 jackal skeletons (D:4)
  19 kobolds
  A quokka skeleton (D:6)
  13 rats
  A butterfly (D:5)
317 creatures vanquished.

Notes
Turn   | Place    | Note
-------+----------+-------------------------------------------
     0 | D:1      | Wardy1 the Demigod Gladiator began the quest for the Orb.
     0 | D:1      | Reached XP level 1. HP: 17/17 MP: 3/3
    48 | D:1      | Reached skill level 3 in Maces & Flails
   120 | D:1      | Reached XP level 2. HP: 18/24 MP: 4/4
   912 | D:2      | Reached XP level 3. HP: 26/29 MP: 5/5
  1326 | D:2      | Reached skill level 4 in Maces & Flails
  1882 | D:3      | Noticed Terence
  1901 | D:3      | Reached XP level 4. HP: 15/36 MP: 6/6
  1907 | D:3      | Killed Terence
  1907 | D:3      | Reached skill level 1 in Armour
  2205 | D:3      | Noticed Jessica
  2212 | D:3      | Killed Jessica
  2312 | D:3      | Found a sparkling altar of Nemelex Xobeh.
  2455 | D:3      | Reached XP level 5. HP: 35/41 MP: 7/7
  2526 | D:4      | Noticed Edmund
  2534 | D:4      | Reached skill level 5 in Maces & Flails
  2560 | D:4      | Killed Edmund
  2560 | D:4      | Reached skill level 1 in Shields
  2560 | D:4      | Reached XP level 6. HP: 27/50 MP: 8/8
  2629 | D:4      | Reached skill level 6 in Maces & Flails
  2996 | D:4      | Reached XP level 7. HP: 43/57 MP: 9/9
  3010 | D:4      | Got a dazzling scarf
  3034 | D:4      | Identified the scarf of the Prince {rCorr} (You found it on level 4 of the Dungeon)
  3351 | D:4      | Found an opulent altar of Gozag.
  3482 | D:4      | Noticed Duvessa
  3483 | D:4      | Noticed Dowan
  3494 | D:4      | Killed Duvessa
  3498 | D:4      | Killed Dowan
  3498 | D:4      | Reached skill level 7 in Maces & Flails
  3563 | D:5      | Entered Level 5 of the Dungeon
  3588 | D:5      | Got a translucent leather armour
  3599 | D:5      | Identified the cursed +1 leather armour of Lappiemito {*Corrode rN++ Int+3} (You found it on level 5 of the Dungeon)
  3688 | D:5      | Found a staircase to the Ecumenical Temple.
  4378 | D:5      | Reached skill level 8 in Maces & Flails
  4378 | D:5      | Reached XP level 8. HP: 66/66 MP: 10/10
  5156 | D:6      | Found an iron altar of Okawaru.
  5157 | D:6      | Found a glowing golden altar of the Shining One.
  5200 | D:6      | Found a snail-covered altar of Cheibriados.
  5425 | D:6      | Reached skill level 9 in Maces & Flails
  5456 | D:6      | Found a shadowy altar of Dithmenos.
  5483 | D:6      | Found a glowing silver altar of Zin.
  6231 | D:7      | Found Suwnazoph's Book Boutique.
  6272 | D:7      | Reached XP level 9. HP: 73/73 MP: 11/11
  6458 | D:7      | Found a shadowy altar of Dithmenos.
  6609 | D:7      | Reached skill level 5 in Fighting
  6792 | D:8      | Reached skill level 10 in Maces & Flails
  7199 | D:8      | Noticed Setanta's ghost (novice VSTm)
  7201 | D:8      | Found a hide-covered altar of Uskayaw.
  7216 | D:8      | Killed Setanta's ghost
  7269 | D:8      | Found a white marble altar of Elyvilon.
  7522 | D:8      | Got a twisted war axe
  7523 | D:8      | Identified the cursed +3 war axe "Qofa" {flame, rElec} (You found it on level 8 of the Dungeon)
  7568 | D:8      | Found a basalt altar of Yredelemnul.
  7585 | D:8      | Reached skill level 11 in Maces & Flails
  7623 | D:8      | Reached XP level 10. HP: 68/83 MP: 9/13
  7720 | D:9      | Found a burning altar of Makhleb.
  7743 | D:9      | Noticed a two-headed ogre
  7751 | D:9      | Killed a two-headed ogre
  7779 | D:9      | Found a snail-covered altar of Cheibriados.
  7938 | D:9      | Found a bloodstained altar of Trog.
  8112 | D:9      | Got a transparent bronze amulet
  8290 | D:9      | Found an ancient bone altar of Kikubaaqudgha.
  8470 | D:10     | Entered Level 10 of the Dungeon
  8505 | D:10     | Gained mutation: You have a pair of small horns on your head. [mutagenic meat]
  8558 | D:10     | Found Zosmeash's Food Emporium.
  8569 | D:10     | Bought a meat ration for 70 gold pieces
  8569 | D:10     | Bought a bread ration for 70 gold pieces
  8569 | D:10     | Bought a meat ration for 70 gold pieces
  8569 | D:10     | Bought a meat ration for 70 gold pieces
  8569 | D:10     | Bought a bread ration for 70 gold pieces
  8627 | D:10     | Found Soogil's Jewellery Emporium.
  8690 | D:10     | Reached skill level 12 in Maces & Flails
  8716 | D:10     | Found Nummyij's Weapon Boutique.
  8735 | D:10     | Found Tefoiree's Magic Scroll Boutique.
  8739 | D:10     | Bought a scroll of enchant armour for 82 gold pieces
  8775 | D:10     | Gained mutation: You tend to lose your temper in combat. [mutagenic meat]
  8776 | D:10     | Gained mutation: Scrolls take you a little longer to read. [mutagenic meat]
  8777 | D:10     | Gained mutation: You are clumsy. (Dex -2) [mutagenic meat]
  8778 | D:10     | Gained mutation: You are partially covered in large bone plates. (SH +4) [mutagenic meat]
  8912 | D:10     | Identified the amulet of Trepidation {Faith MR+ Stlth+} (You found it on level 9 of the Dungeon)
  8938 | D:10     | Found Kaitosm's Magic Scroll Emporium.
  9362 | D:10     | Noticed Josephine
  9378 | D:10     | Killed Josephine
  9407 | D:10     | Reached skill level 5 in Shields
  9565 | D:10     | Reached skill level 5 in Armour
  9565 | D:10     | Reached XP level 11. HP: 34/91 MP: 14/14
  9889 | D:10     | Found a staircase to the Orcish Mines.
 10013 | D:11     | Gained mutation: Your mind is acute. (Int +2) [mutagenic meat]
 10059 | D:11     | Found an iron altar of Okawaru.
 10159 | D:11     | Noticed a death yak
 10159 | D:11     | Noticed a death yak
 10160 | D:11     | Noticed a death yak
 10181 | D:11     | Killed a death yak
 10197 | D:11     | Killed a death yak
 10197 | D:11     | Reached skill level 13 in Maces & Flails
 10199 | D:11     | Killed a death yak
 10223 | D:11     | HP: 3/93 [something/vampiric draining (13)]
 10224 | D:11     | Slain by a vampire

Skill      XL: |  1  2  3  4  5  6  7  8  9 10 11 |
---------------+----------------------------------+-----
Maces & Flails | 3 4 5 6 8 9 11 12 13 | 13.2
Fighting       | 2 3 4 5 6 7 |  7.7
Armour         | 1 2 3 4 5 |  5.3
Shields        | 1 3 4 5 |  5.9
Throwing       | |  1.7
Dodging        | |  2.6

Action                   |  1- 3 |  4- 6 |  7- 9 | 10-12 || total
-------------------------+-------+-------+-------+-------++-------
Melee: Flail             |   230 |   141 |   473 |   347 ||  1191
       Headbutt          |       |       |       |    77 ||    77
  Use: Potion            |       |     6 |     3 |    10 ||    19
       Scroll            |       |       |     5 |     8 ||    13
 Stab: Sleeping          |     2 |       |       |       ||     2
       Distracted        |       |       |     2 |       ||     2
  Eat: Chunk             |     4 |     3 |    24 |    20 ||    51
       Fruit             |       |       |     1 |       ||     1
Armor: Leather armour    |    29 |       |     3 |       ||    32
       Ring mail         |    51 |    26 |     9 |       ||    86
       Skin              |       |     7 |       |       ||     7
       Chain mail        |       |       |   182 |    69 ||   251
       Plate armour      |       |       |       |     7 ||     7
Dodge: Dodged            |   157 |    39 |   123 |    53 ||   372
Block: Shield            |    87 |    62 |   211 |   203 ||   563
